 Dungeon Crawl Stone Soup version 0.29.1-15-g9cfb28693d (webtiles) character file.

Game seed: 8432120560976839135

53 Heoruswealwe the Conjurer (level 3, -27/19 HPs)
             Began as a Deep Elf Conjurer on Mar 7, 2023.
             Killed from afar by an acid blob (31 damage)
             ... with a splash of acid
             ... created by the all-consuming vengeance of Jiyva
             ... on level 2 of the Dungeon.
             The game lasted 00:13:54 (1354 turns).

Heoruswealwe the Conjurer (Deep Elf Conjurer)       Turns: 1354, Time: 00:13:55

Health: -27/19     AC:  3    Str:  4    XL:     3   Next: 64%
Magic:  19/19      EV: 13    Int: 24    God:
Gold:   97         SH:  0    Dex: 13    Spells: 8/9 levels left

rFire   . . .      SeeInvis .   r - +0 short sword
rCold   + . .      Faith    .   (no shield)
rNeg    . . .      Spirit   .   a - +0 robe
rPois   .          Reflect  .   b - +1 hat
rElec   .          Harm     .   (no cloak)
rCorr   .          Rampage  .   (no gloves)
Will    .....                   (no boots)
Stlth   ++........              (no amulet)
HPRegen 0.06/turn               i - ring of protection from cold
MPRegen 0.16/turn               j - ring of magical power

@: no status effects
A: no striking features
a: no special abilities


You were on level 2 of the Dungeon.
You visited 1 branch of the dungeon, and saw 2 of its levels.

You collected 97 gold pieces.

Inventory:

Hand Weapons
 r - a +0 short sword (weapon)
Armour
 a - a +0 robe (worn)
 b - a +1 hat (worn)
Jewellery
 i - a ring of protection from cold (left hand)
 j - a ring of magical power (right hand)
Scrolls
 c - a scroll of vulnerability {unknown}
 l - a scroll of enchant weapon
 n - 3 scrolls of immolation {unknown}
Potions
 d - 2 potions of flight {unknown}
 e - a potion of haste {unknown}
 f - a potion of berserk rage {unknown}
 h - 2 potions of curing {unknown}
 k - a potion of mutation {unknown}
 m - a potion of brilliance {unknown}
 o - a potion of degeneration {unknown}
 q - a potion of heal wounds {unknown}


   Skills:
 + Level 3.1 Dodging
 + Level 3.3 Stealth
 + Level 3.7 Spellcasting
 + Level 4.8 Conjurations


You had 8 spell levels left.
You knew the following spells:

 Your Spells              Type           Power      Damage    Failure   Level
a - Magic Dart            Conj           100%       1d8       1%          1

Your spell library contained the following spells:

 Spells                   Type           Power      Damage    Failure   Level
 Searing Ray              Conj           54%        2d6       1%          2
 Dazzling Flash           Conj/Hex       32%        N/A       11%         3
 Call Canine Familiar     Summ           4%         N/A       30%         3
 Portal Projectile        Hex/Tloc       8%         N/A       30%         3
 Fulminant Prism          Conj/Hex       8%         3d7       36%         4
 Iskenderun's Mystic Bla  Conj/Tloc      16%        2d5       36%         4
 Leda's Liquefaction      Hex/Erth       2%         N/A       69%         4


Dungeon Overview and Level Annotations

Branches:
Dungeon (2/15)

Altars:
Jiyva


Message History

You see here a +0 ring mail.
You see here a +0 club.
A ball python comes into view.
The magic dart hits the ball python.
You kill the ball python!
A quokka comes into view.
The magic dart hits the quokka.
You kill the quokka!
Found a stone staircase leading up.
Found a glowing hat.
A giant cockroach comes into view.
The magic dart hits the giant cockroach.
The giant cockroach is almost dead.
The magic dart hits the giant cockroach but does no damage.
The giant cockroach is almost dead.
The magic dart hits the giant cockroach.
You kill the giant cockroach!
You see here a giant cockroach corpse.
You see here a +1 hat.
b - a +1 hat You start putting on your armour.
You continue putting on your +1 hat. x4
You finish putting on your +1 hat.
A bat comes into view.
The magic dart hits the bat but does no damage.
The magic dart hits the bat.
You kill the bat!
Found a scroll labelled UZETE OTOSCHIWN.
n - 3 scrolls labelled UZETE OTOSCHIWN (gained 1)
Found a stone staircase leading down.
Found 9 gold pieces.
You now have 97 gold pieces (gained 9).
Some slimes ooze up out of the ground!
An acid blob comes into view.
The acid blob attacks as you move away! The acid blob hits you!
You are splashed with acid!
* * * LOW HITPOINT WARNING * * *
The acid blob spits acid at you. The splash of acid hits you!!
Ouch! That really hurt!
You die...

#..##.###.#.# #.# #..##.#
#.#.# #.# #..##.#
#.#.########.# #..##.#
#............##
#..##.#####.#######...##
#..#...................###
............#######....>.#
#..#################.###.#
#..####.........@..J.# .#
........############## #
...###### #.## ..# ###


You could see an acid blob.

Vanquished Creatures
  2 worms (D:2)
  4 dart slugs (D:1)
  5 bats
  5 endoplasms
  2 giant cockroaches
  3 hobgoblins
  3 jackals (D:2)
  A kobold (D:1)
  A quokka (D:2)
  4 ball pythons
  3 frilled lizards (D:1)
  5 goblins
  A rat (D:1)
39 creatures vanquished.

Vanquished Creatures (others)
  13 withered plants (D:1)
13 creatures vanquished.

Grand Total: 52 creatures vanquished

Notes
Turn   | Place    | Note
-------+----------+-------------------------------------------
     0 | D:1      | Heoruswealwe the Deep Elf Conjurer began the quest for the
                  | Orb.
     0 | D:1      | Reached XP level 1. HP: 10/10 MP: 6/6
   170 | D:1      | Reached XP level 2. HP: 15/15 MP: 8/8
   472 | D:1      | Found a faded altar of an unknown god.
   584 | D:1      | Prayed at the altar of an unknown god.
   584 | D:1      | Became a worshipper of Jiyva Jaoqud the Shapeless
   584 | D:1      | Reached * piety under Jiyva
   586 | D:1      | Fell from the grace of Jiyva
   631 | D:1      | Reached XP level 3. HP: 19/19 MP: 10/10
  1353 | D:2      | Noticed an acid blob
  1354 | D:2      | Killed from afar by an acid blob

Illustrated notes

Levels and vault maps discovered:
D:1:      dpeg_arrival_rooms_with_view, layout_loops_ring,
          ebering_ecumenical_altar_petrified
D:2:      layout_loops_ring

Skill      XL: |  1  2 |
---------------+-------+-----
Stealth        | 3 |  3.3
Dodging        | 3 |  3.1
Spellcasting   | |  3.7
Conjurations   | |  4.8

Action                   || total
-------------------------++-------
Melee: Short sword       ||    55
       Dagger            ||     7
       Punch             ||     1
 Cast: Magic Dart        ||    79
Invok: Renounce Religion ||     1
  Use: Scroll            ||     4
       Potion            ||     1
Dodge: Dodged            ||     6
